[Event "*** Titled Tuesday Blitz AM"]
[Site "Chess.com"]
[Date "2020.01.07"]
[Round "5"]
[White "Zarikovs1999"]
[Black "olksuna"]
[Result "0-1"]
[WhiteElo "2355"]
[BlackElo "2586"]
[TimeControl "180+2"]
[EndTime "10:06:50 PST"]
[Termination "olksuna won by resignation"]

1. e4 c5 2. Nf3 Nc6 3. d4 cxd4 4. Nxd4 Nf6 5. Nc3 e5 6. Ndb5 d6 7. Bg5 a6 8. Na3 b5 9. Nd5 Be7 10. Bxf6 Bxf6 11. c3 Bg5 12. Nc2 Rb8 13. g3 O-O 14. Bg2 a5 15. O-O Be6 16. Qd3 Qd7 17. Rad1 Qa7 18. Kh1 b4 19. c4 a4 20. b3 Kh8 21.
f4 exf4 22. gxf4 Bh6 23. Nd4 Nxd4 24. Qxd4 Qxd4 25. Rxd4 axb3 26. axb3 g6 27. Nc7 Rfd8 28. f5 Bc8 29. Nb5 Bf8 30. fxg6 fxg6 31. Rfd1 Bg4 32. R1d2 Ra8 33. h3 Ra1+ 34. Kh2 Be6 35. Nxd6 Kg8 36. e5 Bg7 37. Bd5 Bxe5+ 38. Kg2 Rxd6 39. Re4 Bxd5 40.
cxd5 Bf6 41. Re6 Rxe6 42. dxe6 Re1 43. Rd6 Be7 44. Rb6 Kg7 45. Kf2 Rb1 46. Rb7 Kf6 0-1

[Event "*** Titled Tuesday Blitz AM"]
[Site "Chess.com"]
[Date "2020.01.07"]
[Round "5"]
[White "Blagorod"]
[Black "Region_07"]
[Result "0-1"]
[WhiteElo "2114"]
[BlackElo "2374"]
[TimeControl "180+2"]
[EndTime "10:06:51 PST"]
[Termination "Region_07 won by checkmate"]

1. e4 Nc6 2. Nf3 d6 3. d4 Nf6 4. Nc3 g6 5. d5 Nb8 6. h3 Bg7 7. Be3 O-O 8. Bd3 c6 9. Qd2 cxd5 10. exd5 Qa5 11. Bc4 Nbd7 12. O-O Nb6 13. Bxb6 Qxb6 14. Rfe1 Re8 15. Bb3 Bf5 16. Re2 Nd7 17. Rae1 Ne5 18. Nxe5 Bxe5 19. Kh1 Rac8 20. f4 Bf6 21. g4 Bd7 22. g5 Bg7 23. Rxe7 Rxe7 24. Rxe7 Bxh3 25. Qe2 Bf5 26. Ne4 Qd4 27. Nxd6 Rf8 28. Nxf5 gxf5 29. Qe3 Qd1+ 30. Kh2 Bd4 31. Qg3 Qd2+ 32. Kh3 Bf2 33.
Qf3 Bc5 34. Rxb7 Bd6 35. Rd7 Bxf4 36. Qg2 Qe3+ 37. Kh4 Qd4 38. Kh3 Re8 39. g6 Re3+ 40. Kh4 Bg3+ 41. Kh5 Qh4# 0-1

[Event "*** Titled Tuesday Blitz AM"]
[Site "Chess.com"]
[Date "2020.01.07"]
[Round "5"]
[White "AquivaRubinstein"]
[Black "LLRChess"]
[Result "1-0"]
[WhiteElo "2431"]
[BlackElo "2302"]
[TimeControl "180+2"]
[EndTime "10:06:52 PST"]
[Termination "AquivaRubinstein won by resignation"]

1. e4 c5 2. Nf3 d6 3. Bb5+ Nd7 4. O-O a6 5. Bxd7+ Bxd7 6. d4 cxd4 7. Qxd4 e5 8. Qe3 h6 9. Nc3 Nf6 10. Rd1 Be7 11. Nd2 Be6 12. Qd3 Rc8 13. Nf1 O-O 14. Ne3 Nd7 15. Ned5 Rc6 16. Be3 f5 17. f3 g5 18. exf5 Bxf5 19. Ne4 Rf7 20. Qb3 Bf8 21. c3 b5 22. Nb4 Bxe4 23. fxe4 Rc4 24. Rf1 a5 25. Nd5 a4 26. Qxb5 Rxe4 27. Rxf7 Kxf7 28. Rf1+ Kg7 29. Qd3 Rh4 30. Qf5 Qe8 31. Nc7 Qe7 32.
Ne6+ Kg8 33. g3 Rc4 34. Qg6+ Bg7 35. Nxg7 Qxg7 36. Qe6+ 1-0

[Event "*** Titled Tuesday Blitz AM"]
[Site "Chess.com"]
[Date "2020.01.07"]
[Round "5"]
[White "RaunakSadhwani2005"]
[Black "Mr_Sinigami"]
[Result "1-0"]
[WhiteElo "2767"]
[BlackElo "2544"]
[TimeControl "180+2"]
[EndTime "10:06:56 PST"]
[Termination "RaunakSadhwani2005 won by resignation"]

1. d4 Nf6 2. Nc3 d5 3. Bf4 a6 4.
e3 Bf5 5. f3 e6 6. g4 Bg6 7. h4 h5 8. g5 Nfd7 9. Bd3 Bxd3 10.
Qxd3 g6 11. Nge2 Bg7 12. e4 c6 13. O-O-O O-O 14. Bd6 Re8 15. e5 c5 16. f4 cxd4 17. Nxd4 Nc6 18. Nce2 Rc8 19. Kb1 Nxd4 20. Nxd4 Nc5 21.
Bxc5 Rxc5 22. c3 b5 23. Rd2 Qb6 24. Rhd1 a5 25. Qe3 Rc4 26. b3 Rc7 27. Rc2 Rec8 28. Rdc1 Bf8 29. Qd3 Ba3 30. Qxb5 Qxb5 31. Nxb5 Bxc1 32.
Kxc1 Rc5 33. a4 Kf8 34. Kd2 Ke7 35. Kd3 Rb8 36. Kd4 Rc6 37. Rb2 Rbb6 38. Rc2 Rb8 39. Rb2 Kd7 40. Nd6 Ke7 41. b4 Rxd6 42. exd6+ Kxd6 43. b5 Rb7 44. b6 Kc6 45. Ke5 Rxb6 46. Rxb6+ Kxb6 47. Kd6 Kb7 48. Ke7 Kc6 49. Kxf7 Kd6 50.
Kxg6 e5 51. f5 e4 52. f6 1-0

[Event "*** Titled Tuesday Blitz AM"]
[Site "Chess.com"]
[Date "2020.01.07"]
[Round "5"]
[White "enriquetejedor"]
[Black "StephenDedalus83"]
[Result "0-1"]
[WhiteElo "2477"]
[BlackElo "2697"]
[TimeControl "180+2"]
[EndTime "10:07:07 PST"]
[Termination "StephenDedalus83 won by resignation"]

1. d4 Nf6 2. Bg5 e6 3. e4 h6 4. Bxf6 Qxf6 5. c3 d5 6. e5 Qd8 7.
Bd3 c5 8. Ne2 Qb6 9. Qb3 c4 10.
Qxb6 axb6 11. Bc2 b5 12. Nd2 Nc6 13. O-O b4 14. cxb4 Nxb4 15. Bb1 Bd7 16. Nc3 Be7 17. f4 g6 18. a3 Nc6 19. Nf3 h5 20. Bc2 O-O 21.
g3 Rfb8 22. h3 b5 23. g4 hxg4 24. hxg4 b4 25. axb4 Nxb4 26. Rac1 Na2 27. Rb1 Bb4 28. Nd1 Ba5 29. f5 Nb4 30. fxe6 Bxe6 31. Rf2 Nxc2 32. Rxc2 Bxg4 33. Nh4 Bb6 34. Rd2 Ra2 35. Nc3 Ra5 36. Kg2 Be6 37. Nf3 Rba8 38. b3 Ra3 39. Nb5 Rxb3 40.
Rxb3 cxb3 41. Nc3 Ba5 42. Rd3 Bxc3 43. Rxc3 Rb8 44. Nd2 b2 45. Kf2 b1=Q 46. Nxb1 Rxb1 47. Kf3 Kg7 48. Kf4 Rf1+ 49. Ke3 g5 0-1

[Event "*** Titled Tuesday Blitz AM"]
[Site "Chess.com"]
[Date "2020.01.07"]
[Round "5"]
[White "alex_zapata"]
[Black "WorldChampionBulletChess"]
[Result "1-0"]
[WhiteElo "2295"]
[BlackElo "2077"]
[TimeControl "180+2"]
[EndTime "10:07:09 PST"]
[Termination "alex_zapata won on time"]

1. e4 d5 2. d4 dxe4 3. Nc3 Nf6 4.
Bg5 Bf5 5. f3 exf3 6. Qxf3 Bc8 7. O-O-O e6 8. Bc4 Be7 9. Nge2 c6 10. g4 b5 11. Bxb5 Qb6 12. Bd3 Nbd7 13. h4 Bb7 14.
Bxf6 Nxf6 15. g5 Nd5 16. Nxd5 cxd5 17. Rhf1 f6 18. Qh5+ Kd7 19. gxf6 gxf6 20. Nc3 Ba6 21.
Rfe1 Bxd3 22. Rxd3 Raf8 23. Nxd5 exd5 24. Qxd5+ Ke8 25. Rde3 Rf7 26. Qa8+ Qd8 27. Qc6+ Kf8 28. h5 h6 29. Rxe7 Rxe7 30. Qxf6+ Ke8 31. Qg6+ Kd7 32. Qf5+ Kc7 33. Qc5+ Kd7 34. Qd5+ Ke8 35. Qc6+ Qd7 36.
Qa8+ Kf7 37. Qf3+ Ke8 38. Qa8+ Kf7 39. Qf3+ Kg7 40. Rg1+ Kh7 41. Qd3+ Re4 42. Qxe4+ 1-0

[Event "*** Titled Tuesday Blitz AM"]
[Site "Chess.com"]
[Date "2020.01.07"]
[Round "5"]
[White "AntonSmirnov"]
[Black "manitodeplomo"]
[Result "0-1"]
[WhiteElo "2883"]
[BlackElo "2709"]
[TimeControl "180+2"]
[EndTime "10:07:11 PST"]
[Termination "manitodeplomo won by checkmate"]

1. e4 c5 2. Nf3 e6 3. d4 cxd4 4. Nxd4 a6 5. c4 Nf6 6. Nc3 Bb4 7. Qd3 O-O 8. Be2 Qc7 9. a3 Bxc3+ 10. bxc3 d6 11.
Bg5 Nbd7 12. Qe3 b6 13. O-O Bb7 14. f3 Rfe8 15. Rfd1 Rac8 16. Kh1 d5 17. cxd5 exd5 18. Nf5 dxe4 19. Bxf6 Nxf6 20. Qg5 g6 21. Nh6+ Kg7 22.
Nf5+ Kg8 23. Qxf6 gxf5 24. Qg5+ Kf8 25. fxe4 Bxe4 26. Bxa6 Rcd8 27. Bb5 Rxd1+ 28. Rxd1 Re7 29. Qh6+ Kg8 30. Qg5+ Kf8 31. h3 f4 32. Qf6 Kg8 33.
Be2 Bxg2+ 34. Kxg2 Rxe2+ 35. Kf1 Re8 36. Qg5+ Kf8 37.
Qh6+ Kg8 38. Qg5+ Kf8 39. Qh6+ Kg8 40. Kg1 Re6 41. Qh4 Qc5+ 42. Kh1 Qc6+ 43. Kg1 Rg6+ 44. Kf1 Qg2+ 45. Ke1 Re6# 0-1

[Event "*** Titled Tuesday Blitz AM"]
[Site "Chess.com"]
[Date "2020.01.07"]
[Round "5"]
[White "Gordima"]
[Black "FelixJoseYnojosa"]
[Result "0-1"]
[WhiteElo "2823"]
[BlackElo "2627"]
[TimeControl "180+2"]
[EndTime "10:07:11 PST"]
[Termination "FelixJoseYnojosa won by resignation"]

1. d4 Nf6 2. c4 e6 3. g3 c5 4. Nf3 cxd4 5. Nxd4 Qb6 6. Bg2 Nc6 7. Nb5 Ne5 8. b3 a6 9. Be3 Qa5+ 10. Bd2 Qb6 11. N5c3 d6 12. O-O Bd7 13. Be3 Qc7 14. a4 Bc6 15. f3 h5 16. a5 h4 17. Bb6 Qc8 18. Nd2 Be7 19. Qe1 h3 20. Bh1 Bd8 21. Bf2 O-O 22. Qb1 d5 23. cxd5 Nxd5 24. Rc1 Nxc3 25.
Rxc3 Qd7 26. Qc2 Bf6 27. Rc1 Rfd8 28. Be3 Rac8 29. b4 Qe8 30. Nb3 Ng6 31. Rc4 Ne5 32.
Rc5 Nd7 33. Rh5 g6 34. Rxh3 Bxf3 35. Qb1 Bg4 36. Rh6 Rxc1+ 37. Qxc1 Ne5 38. Bxb7 Bxe2 39. Nd2 Ng4 40. Ne4 Bg7 41. Qc3 Bxc3 42. Nxc3 Nxe3 0-1

[Event "*** Titled Tuesday Blitz AM"]
[Site "Chess.com"]
[Date "2020.01.07"]
[Round "5"]
[White "2L8IWUN"]
[Black "mortngabriel"]
[Result "0-1"]
[WhiteElo "2130"]
[BlackElo "2389"]
[TimeControl "180+2"]
[EndTime "10:07:12 PST"]
[Termination "mortngabriel won by resignation"]

1. d4 Nf6 2. Nf3 e6 3. Bf4 d5 4. e3 c5 5. c3 Nc6 6. Nbd2 cxd4 7. exd4 Nh5 8. Be3 Bd6 9. Ne5 g6 10. g4 Ng7 11. h4 h5 12. Nxc6 bxc6 13. gxh5 Nxh5 14.
Qf3 Qf6 15. Bd3 Nf4 16. Bxf4 Bxf4 17. Ke2 Rxh4 18. Rxh4 Qxh4 19. Rh1 Qf6 20. Nb3 e5 21. dxe5 Qxe5+ 22. Kd1 Kf8 23. Nd4 c5 24. Re1 Qg5 25. Ne2 Bg4 26. Qh1 Kg7 27. Kc2 Re8 28. Nxf4 Rxe1 29. Qxe1 Qxf4 30. Qe3 Qxe3 31. fxe3 Kf6 32. b4 cxb4 33. cxb4 Bf5 34. a4 Bxd3+ 35. Kxd3 Ke5 36. a5 g5 37. b5 Kd6 38. Kd4 g4 39. e4 dxe4 40. Kxe4 Kc5 41. b6 axb6 42. axb6 Kxb6 43.
Kf4 f5 0-1

[Event "*** Titled Tuesday Blitz AM"]
[Site "Chess.com"]
[Date "2020.01.07"]
[Round "5"]
[White "AminMolaei"]
[Black "JSPrepz"]
[Result "1-0"]
[WhiteElo "2573"]
[BlackElo "2793"]
[TimeControl "180+2"]
[EndTime "10:07:13 PST"]
[Termination "AminMolaei won by resignation"]

1. d4 Nf6 2. c4 c5 3. d5 b5 4. cxb5 a6 5. bxa6 g6 6. Nc3 Bg7 7.
e4 O-O 8. Nf3 Qa5 9. Bd2 Bxa6 10.
Bxa6 Qxa6 11. Qe2 e6 12. dxe6 fxe6 13. Qxa6 Nxa6 14. O-O Rfb8 15. Rfb1 Nb4 16. Ne1 d5 17. exd5 exd5 18. a4 d4 19. Nb5 Nfd5 20. Rc1 c4 21. Ra3 Rc8 22. Bxb4 Nxb4 23. Nd6 Rd8 24. Nxc4 d3 25.
Rd1 Rac8 26. b3 Bc3 27. Nf3 Nc2 28. Ra2 Nb4 29. Ra3 Rb8 30. a5 Nc2 31. Ra4 Rxb3 32. a6 Rb4 33. Rxb4 Nxb4 34. a7 Ra8 35. Nd6 Rxa7 36.
Nb5 Ra2 37. Nxc3 Rc2 38. Ne4 Nd5 39. g3 Nb4 40. Ne5 Re2 41. f3 Re3 42. Rd2 Re1+ 43.
Kf2 Rh1 44. Kg2 Ra1 45. Nxd3 Nd5 46. Re2 Rd1 47. Nf4 Nb4 48. Rb2 Rd4 49. Nf2 g5 50. Ne6 Rc4 51. Nxg5 Nc2 52. Rb3 h6 53. Nge4 Ne1+ 54. Kh3 Rc1 55. f4 Rc4 56. Rc3 Rd4 57. Rc1 Nf3 58. Kg2 Rd3 59. Nxd3 1-0

[Event "*** Titled Tuesday Blitz AM"]
[Site "Chess.com"]
[Date "2020.01.07"]
[Round "5"]
[White "Parhamov"]
[Black "Fandorine"]
[Result "1-0"]
[WhiteElo "3068"]
[BlackElo "2902"]
[TimeControl "180+2"]
[EndTime "10:07:15 PST"]
[Termination "Parhamov won by resignation"]

1. e4 e5 2. Nf3 Nc6 3. Bc4 Bc5 4. c3 Nf6 5. d3 d6 6. a4 a6 7. Nbd2 h6 8. O-O Ba7 9. Re1 g5 10. Nf1 g4 11. N3d2 h5 12. Ne3 h4 13. Ndf1 Bd7 14. b4 Ne7 15. d4 Ng6 16. b5 a5 17. Nd5 Nxd5 18. Bxd5 c6 19. bxc6 bxc6 20. Bc4 Qf6 21.
Be3 Nf4 22. Rb1 h3 23. g3 Ng2 24. dxe5 Qxe5 25. Bxa7 Nxe1 26. Qxe1 Rxa7 27. Ne3 O-O 28. Bd3 Raa8 29. Qd1 Rab8 30. Rc1 Qg5 31. Be2 Rb2 32. Bf1 Be6 33. Qxd6 Rd8 34. Qf4 Qg7 35. Bc4 Rdd2 36. Rf1 Bxc4 37. Nxc4 Rdc2 38. Nxb2 Rxb2 39. Re1 Qg6 40.
e5 Rb1 41. Qe3 Rxe1+ 42. Qxe1 Qf5 43. Qd1 Qe4 44. Kf1 Qh1+ 45. Ke2 Qf3+ 46. Ke1 Qxc3+ 47.
Kf1 Qc4+ 48. Kg1 Qe4 49. Qd8+ Kh7 50. Qh4+ Kg6 51. Qf6+ Kh7 52. Qxf7+ Kh6 53. Qf4+ Qxf4 54. gxf4 Kg6 55. f3 Kf5 56. fxg4+ 1-0

[Event "*** Titled Tuesday Blitz AM"]
[Site "Chess.com"]
[Date "2020.01.07"]
[Round "5"]
[White "Sashadav97"]
[Black "Batica1984"]
[Result "1/2-1/2"]
[WhiteElo "2562"]
[BlackElo "2787"]
[TimeControl "180+2"]
[EndTime "10:07:17 PST"]
[Termination "Game drawn by repetition"]

1. d4 Nf6 2. c4 c5 3. Nc3 cxd4 4. Qxd4 Nc6 5. Qh4 e6 6. e3 Bb4 7. Bd2 O-O 8. Nf3 Be7 9. Bd3 h6 10. O-O b6 11. Rfd1 Bb7 12. Qg3 Rc8 13. Rac1 Qc7 14. Qxc7 Rxc7 15. Be1 Rcc8 16. Be2 Rfd8 17. Nb5 d6 18. Nfd4 a6 19. Nxc6 Rxc6 20. Nd4 Rc7 21. f3 Rdc8 22. Rb1 d5 23. cxd5 Nxd5 24. Bf2 Bc5 25.
a3 b5 26. g3 g6 27. e4 Nf6 28. Nb3 Bxf2+ 29. Kxf2 g5 30. h3 Kf8 31. Rbc1 Ke7 32.
Rxc7+ Rxc7 33. Rc1 Rxc1 34. Nxc1 Kd6 35. Nd3 Nd7 36. b4 e5 37. Ke3 Nb6 38. Nc5 Bc8 39.
h4 gxh4 40. gxh4 Nd7 41. Nxd7 Bxd7 42. f4 f6 43. f5 Be8 44. Kd3 Bf7 45. Kc3 Be8 46.
Bd1 Bc6 47. Bf3 Ke7 48. Kd3 Kd6 49. Ke3 Ke7 50. Kd3 Kd6 51. Ke3 Ke7 52. Kd3 1/2-1/2

[Event "*** Titled Tuesday Blitz AM"]
[Site "Chess.com"]
[Date "2020.01.07"]
[Round "5"]
[White "platy3"]
[Black "lestri"]
[Result "1-0"]
[WhiteElo "2879"]
[BlackElo "2622"]
[TimeControl "180+2"]
[EndTime "10:07:17 PST"]
[Termination "platy3 won by resignation"]

1. e4 d6 2. d4 Nf6 3. f3 c5 4. d5 g6 5. c4 Bg7 6. Ne2 O-O 7.
Nec3 e5 8. Bg5 h6 9. Bh4 Na6 10. Nd2 Bd7 11. Bd3 Qb6 12. Rb1 Nh5 13. O-O f5 14. a3 Bf6 15. Bf2 Qd8 16. b4 b6 17.
Bc2 Nf4 18. Ba4 cxb4 19. axb4 Nd3 20. Na2 Nxf2 21. Rxf2 Bg5 22. Re2 Rc8 23. Bc6 Kg7 24.
Bb7 Nb8 25. Bxc8 Bxc8 26. c5 bxc5 27. bxc5 Ba6 28. Re1 dxc5 29. Qc2 Nd7 30. Nc3 Bf4 31. Nf1 Qf6 32. Qa4 Rf7 33. g3 Bxf1 34. Rxf1 Be3+ 35.
Kg2 Bd4 36. Rb7 Nb6 37. Qxa7 Nc4 38. Rxf7+ Qxf7 39. Qxf7+ Kxf7 40. Rc1 Be3 41. Rb1 Bd4 42. Rb7+ Kf6 43. Nb5 fxe4 44. fxe4 Nd2 45. d6 Nxe4 46. d7 Ke7 47. Na7 1-0

[Event "*** Titled Tuesday Blitz AM"]
[Site "Chess.com"]
[Date "2020.01.07"]
[Round "5"]
[White "Generalas"]
[Black "Nbk90"]
[Result "1-0"]
[WhiteElo "2266"]
[BlackElo "2537"]
[TimeControl "180+2"]
[EndTime "10:07:18 PST"]
[Termination "Generalas won on time"]

1. e4 c6 2. d4 d5 3. e5 c5 4. dxc5 Nc6 5. Nf3 Bg4 6. Bb5 e6 7. Be3 Nh6 8. O-O Nf5 9. h3 Nxe3 10. fxe3 Bh5 11. b4 Be7 12. Nbd2 O-O 13. Bxc6 bxc6 14. Qe1 a5 15. c3 Bg6 16. Nd4 Qc7 17. N2f3 axb4 18. cxb4 Ra3 19. Qc1 Rfa8 20. b5 Bd3 21. Nxc6 Bxb5 22. Nxe7+ Qxe7 23. Rf2 Bc4 24. c6 Qc7 25. Nd4 Qxe5 26. Rb1 Rxe3 27. c7 Rd3 28. Nb5 h6 29. a4 Rc8 30. Rb4 Bxb5 31. Rxb5 Rxc7 32. Rb8+ Kh7 33. Qb1 Rc3 34. a5 Qe4 35. Qf1 Ra3 36. Re2 Re3 37. Qxf7 1-0

[Event "*** Titled Tuesday Blitz AM"]
[Site "Chess.com"]
[Date "2020.01.07"]
[Round "5"]
[White "korbul"]
[Black "JozefKneht"]
[Result "1-0"]
[WhiteElo "2642"]
[BlackElo "2397"]
[TimeControl "180+2"]
[EndTime "10:07:21 PST"]
[Termination "korbul won on time"]

1. d4 d5 2. Nf3 Nf6 3. c4 c6 4.
e3 Bf5 5. Nc3 e6 6. Bd3 Bg6 7.
O-O Nbd7 8. Re1 Bd6 9. e4 dxe4 10. Nxe4 Nxe4 11. Bxe4 Bxe4 12. Rxe4 Nf6 13. Re1 O-O 14.
Bg5 h6 15. Bh4 Be7 16. Qe2 a5 17. Rad1 Qc7 18. h3 a4 19. Ne5 Rad8 20. f4 Ne8 21. Bf2 Nf6 22. Qc2 Qa5 23. f5 Bb4 24.
Rf1 exf5 25. Qxf5 Qc7 26. Be3 Be7 27. Kh1 Kh8 28. Rf3 Qc8 29. Qc2 Qe6 30. Qxa4 c5 31.
Bf2 cxd4 32. Nd3 b6 33. Qc2 Bc5 34. Re1 Qd7 35. Rxf6 gxf6 36. Bh4 Qf5 37. Qd1 Qg6 38. Rf1 Rd6 39. Nf4 Qe4 40. Nd5 f5 41. Qh5 Rg6 42. Nf4 Rg5 43. Bxg5 Bd6 44. Qxh6+ Kg8 45. Bf6 1-0

[Event "*** Titled Tuesday Blitz AM"]
[Site "Chess.com"]
[Date "2020.01.07"]
[Round "5"]
[White "NemtsevIgor"]
[Black "viktorskliarov"]
[Result "0-1"]
[WhiteElo "2371"]
[BlackElo "2597"]
[TimeControl "180+2"]
[EndTime "10:07:26 PST"]
[Termination "viktorskliarov won by resignation"]

1. d4 Nf6 2. Bf4 g6 3. e3 Bg7 4. Nf3 O-O 5. Be2 d6 6. O-O Nh5 7. Bg5 h6 8. Bh4 g5 9. Nfd2 Nf6 10. Bg3 c5 11. c3 Nc6 12. a4 Bf5 13. Na3 e5 14.
dxc5 dxc5 15. Ndc4 Ne4 16. Nb5 Nxg3 17. hxg3 b6 18.
Nbd6 Be6 19. Bf3 Qd7 20. a5 Rad8 21. Qa4 Nxa5 22. Nxa5 Qxa4 23. Rxa4 Rxd6 24. Nc6 a5 25. b4 cxb4 26. cxb4 Bb3 27. Ra3 a4 28. Ne7+ Kh8 29. Nf5 Rd2 30. Be4 b5 31. Raa1 Rc8 32. g4 Bf8 33. g3 Bxb4 34. Nxh6 Kg7 35. Nf5+ Kf6 36.
Kg2 Rh8 37. Rh1 Rxh1 38. Rxh1 Ke6 39. Rh6+ Kd7 40. Bc6+ Kc7 41. Bxb5 a3 42. Rc6+ Kb7 43. Ra6 a2 44. Kf3 Bc3 45. Nd6+ Rxd6 46. Rxd6 a1=Q 0-1

[Event "*** Titled Tuesday Blitz AM"]
[Site "Chess.com"]
[Date "2020.01.07"]
[Round "5"]
[White "Alex_Molchanov"]
[Black "Gogolev_Artemy"]
[Result "0-1"]
[WhiteElo "2584"]
[BlackElo "2437"]
[TimeControl "180+2"]
[EndTime "10:07:31 PST"]
[Termination "Gogolev_Artemy won by resignation"]

1. d4 Nf6 2. Nf3 g6 3. g3 Bg7 4. Bg2 O-O 5. O-O d5 6. b3 b6 7. Bb2 Bb7 8. Nbd2 Nbd7 9. Ne5 c5 10. e3 Nxe5 11. dxe5 Ne4 12. Nxe4 dxe4 13. Qg4 Qd2 14. Bxe4 Bxe4 15. Qxe4 Rad8 16. a4 Rd7 17. e6 Bxb2 18.
Rab1 fxe6 19. Qxe6+ Kg7 20. Rxb2 Rf6 21. Qe5 Kf7 22. c4 Qd3 23. Qb8 Qc3 24. Rbb1 Kg7 25. Qe8 Qd2 26. Qc8 e6 27. Qa8 Rf5 28. Qg2 Rdf7 29. f4 Qxe3+ 30. Qf2 Qe4 31. Rbe1 Qc6 32. Qb2+ Kg8 33. Re5 Rd7 34. Rfe1 Rxe5 35. Qxe5 Rd6 36. Re2 Qd7 37. Kf2 h5 38. h3 Kh7 39. g4 hxg4 40.
hxg4 Qc6 41. Qf6 Rd3 42. Qf7+ Kh6 43. Qf8+ Kh7 44. Qe7+ Kh6 45. Qh4+ Kg7 46. Qd8 Rxd8 0-1

[Event "*** Titled Tuesday Blitz AM"]
[Site "Chess.com"]
[Date "2020.01.07"]
[Round "5"]
[White "capatl"]
[Black "FedaMaster"]
[Result "1/2-1/2"]
[WhiteElo "2626"]
[BlackElo "2445"]
[TimeControl "180+2"]
[EndTime "10:07:32 PST"]
[Termination "Game drawn - insufficient material"]

1. c4 Nf6 2. Nc3 d5 3. cxd5 Nxd5 4. Nf3 g6 5. g3 Bg7 6. Bg2 O-O 7. O-O Nc6 8. d4 Nb6 9. e3 e5 10. d5 e4 11.
dxc6 Qxd1 12. Rxd1 exf3 13. Bxf3 bxc6 14. Bxc6 Rb8 15.
Rb1 Nc4 16. Nb5 Bf5 17. e4 Bg4 18. Re1 Ne5 19. Nd4 Rfd8 20. Bd5 Nd3 21. Re3 Nxc1 22. Nc6 Ne2+ 23. Kg2 Nd4 24. Nxd8 Rxd8 25. f3 Be6 26. Bxe6 Nxe6 27. Re2 Rd3 28. Rc1 Bd4 29. f4 Bb6 30. Rcc2 c5 31. Rcd2 Rxd2 32. Rxd2 Nd4 33. b3 f5 34. e5 Kf7 35. Rd3 Ke6 36. Kf1 Kd5 37. Rc3 Ba5 38. Rc4 Bb4 39. Kf2 Nb5 40. h3 Nc3 41. a3 Ne4+ 42. Rxe4 fxe4 43. axb4 cxb4 44. Ke3 a5 45. e6 Kxe6 46. Kxe4 h5 47. g4 h4 48. Kd4 Kd6 49. Kc4 Kc6 50. f5 gxf5 51. gxf5 Kd6 52. Kb5 Ke5 53. Kxa5 Kxf5 54. Kxb4 Kf4 55. Kc5 Kg3 56. b4 Kxh3 57. b5 Kg2 58. b6 h3 59. b7 h2 60. b8=Q h1=Q 61.
Qb7+ Kg1 62. Qxh1+ Kxh1 1/2-1/2

[Event "*** Titled Tuesday Blitz AM"]
[Site "Chess.com"]
[Date "2020.01.07"]
[Round "5"]
[White "MFBerna"]
[Black "Vuk2000"]
[Result "1-0"]
[WhiteElo "2467"]
[BlackElo "2672"]
[TimeControl "180+2"]
[EndTime "10:07:33 PST"]
[Termination "MFBerna won by resignation"]

1. e4 e6 2. d4 d5 3. Nd2 Be7 4. Ngf3 Nf6 5. e5 Nfd7 6. g3 c5 7. c3 b6 8. a4 Ba6 9. Bb5 Qc8 10. Qe2 c4 11. Nf1 Bb7 12. a5 a6 13. Bxd7+ Nxd7 14. axb6 Nxb6 15. Ne3 a5 16. h4 a4 17. h5 h6 18. Nh4 a3 19. bxa3 Na4 20. Bd2 Nb2 21. Qg4 Nd3+ 22. Kf1 Rg8 23. Nc2 Kd7 24. Kg2 Qc6 25. Nf3 Qa4 26. Nb4 Bxb4 27. axb4 Qxa1 28. Rxa1 Rxa1 29. Bxh6 Ra2 30. Be3 Raa8 31. Ng5 Ke7 32. Qh4 Ke8 33. h6 gxh6 34. Nh7 Kd7 35. Nf6+ Kc6 36.
Nxg8 Rxg8 37. Qe7 Bc8 38. Qxf7 Rh8 39. Qg7 Re8 40. Bxh6 Bd7 41. Be3 Rb8 42. Qe7 Kc7 43. Qd6+ Kc8 44. g4 Ra8 45. b5 Bxb5 46. Qxe6+ Kb7 47.
g5 Ne1+ 48. Kg3 Ra1 49. Qe7+ Kb6 50. Qc5+ Ka6 51. g6 Nd3 52. Qd6+ Kb7 53. f3 Ne1 54. g7 Ra2 55. Bf2 1-0

[Event "*** Titled Tuesday Blitz AM"]
[Site "Chess.com"]
[Date "2020.01.07"]
[Round "5"]
[White "SantoBlue"]
[Black "PIwan"]
[Result "1-0"]
[WhiteElo "2758"]
[BlackElo "2517"]
[TimeControl "180+2"]
[EndTime "10:07:34 PST"]
[Termination "SantoBlue won by checkmate"]

1. e4 e6 2. d4 d5 3. Nd2 Be7 4. Ngf3 Nf6 5. e5 Nfd7 6. Bd3 c5 7. c3 Nc6 8. O-O a5 9. a4 cxd4 10. cxd4 Nb4 11. Be2 O-O 12. Nb1 f6 13. exf6 Bxf6 14.
Nc3 e5 15. dxe5 Nxe5 16. Nd4 Re8 17. Bf4 Ng6 18. Be3 Be5 19. Rc1 Qh4 20. Nf3 Qd8 21.
Nxe5 Nxe5 22. Nb5 Nec6 23. Bc5 Be6 24. Nd6 Re7 25. Nc4 dxc4 26. Bxe7 Qxe7 27. Bxc4 Bxc4 28. Rxc4 Rd8 29. Qh5 Qe5 30. Qh3 Qxb2 31. Re4 Qf6 32. Rfe1 Rf8 33. Qb3+ Qf7 34. Qg3 h6 35. h4 Qf5 36.
Rg4 Qf6 37. Rg6 Qf7 38. Rxh6 Nd3 39. Rf1 Nf4 40. Kh1 Ne2 41. Qg5 Qc4 42. Rd1 Qb3 43. Re1 Nf4 44. Rd6 Nd3 45. Rd7 Nxf2+ 46. Kg1 Qb2 47.
Qd5+ Kh8 48. Qc5 Kg8 49. Qc4+ Kh8 50. Rd5 Nh3+ 51. Kh2 Qf2 52. Rh5# 1-0

[Event "*** Titled Tuesday Blitz AM"]
[Site "Chess.com"]
[Date "2020.01.07"]
[Round "5"]
[White "AdrianPetrisor1992"]
[Black "OK97"]
[Result "1-0"]
[WhiteElo "2628"]
[BlackElo "2835"]
[TimeControl "180+2"]
[EndTime "10:07:38 PST"]
[Termination "AdrianPetrisor1992 won by resignation"]

1. Nf3 Nf6 2. g3 g6 3. Bg2 Bg7 4. O-O O-O 5. d4 d6 6. b3 c6 7. Bb2 Bf5 8. c4 a6 9. Nc3 Ne4 10. Nh4 Nxc3 11. Bxc3 Bc8 12. Qd2 b5 13. cxb5 axb5 14.
a4 bxa4 15. bxa4 Ba6 16. Rfb1 Qc7 17. Ba5 Qc8 18. e3 Ra7 19. Bb6 Rb7 20. a5 Nd7 21. Qc2 d5 22. Bf1 Bxf1 23. Kxf1 e5 24. Nf3 e4 25. Nd2 c5 26. Bxc5 Rc7 27. Nb3 Nxc5 28. Nxc5 Qh3+ 29. Kg1 g5 30. Qd1 Rc6 31. Qf1 Qh5 32.
a6 Rh6 33. h3 Ra8 34. a7 Bf8 35. Rb8 Rxa7 36. Rxa7 Kg7 37. Raa8 Bd6 38. Rg8+ Kf6 39. Nd7+ Ke7 40. Ne5 Bxe5 41. dxe5 Rc6 42. Ra7+ Ke6 43.
Re8+ Kf5 44. g4+ 1-0

[Event "*** Titled Tuesday Blitz AM"]
[Site "Chess.com"]
[Date "2020.01.07"]
[Round "5"]
[White "TigrVShlyape"]
[Black "Ba_clbaf_osed_ingo_3v21"]
[Result "1-0"]
[WhiteElo "2815"]
[BlackElo "2552"]
[TimeControl "180+2"]
[EndTime "10:07:39 PST"]
[Termination "TigrVShlyape won by resignation"]

1. d4 Nf6 2. Nf3 g6 3. Bf4 Bg7 4. c3 O-O 5. Nbd2 d5 6. e3 c5 7. dxc5 Na6 8. Bxa6 bxa6 9. O-O Nd7 10. c6 Nb6 11. Rc1 Qe8 12. c7 e5 13. Bg3 Bb7 14. c4 Rc8 15. cxd5 Nxd5 16. Qb3 Ba8 17. Rc5 Nxc7 18.
Bxe5 Ne6 19. Rxc8 Qxc8 20. Bxg7 Kxg7 21. Qc3+ Qxc3 22. bxc3 Bxf3 23. Nxf3 Rb8 24. Nd4 Nc5 25. Nb3 Ne4 26. Rc1 a5 27. f3 a4 28. Nd4 Nc5 29. Rc2 a3 30. Kf1 Kf6 31. Ke2 h6 32. e4 Rb6 33.
Ke3 g5 34. g3 Ke7 35. f4 Kd7 36. e5 Ne6 37. f5 Nc7 38. c4 Rb2 39. Kd3 Rb1 40. Kc3 Na6 41. Rd2 Ke8 42. Nc6 Kf8 43. f6 Kg8 44. Rd8+ Kh7 45. e6 fxe6 46. f7 1-0

[Event "*** Titled Tuesday Blitz AM"]
[Site "Chess.com"]
[Date "2020.01.07"]
[Round "5"]
[White "kkpanu9"]
[Black "Rainbow2014"]
[Result "0-1"]
[WhiteElo "2072"]
[BlackElo "2260"]
[TimeControl "180+2"]
[EndTime "10:07:42 PST"]
[Termination "Rainbow2014 won by checkmate"]

1. e4 c5 2. Nf3 e6 3. d4 cxd4 4. Nxd4 a6 5. Nc3 Qc7 6. g3 Nf6 7. Bg2 Bb4 8. O-O O-O 9. Nb3 Nc6 10. Bf4 d6 11. a3 e5 12. Bg5 Bxc3 13. bxc3 Nd7 14.
a4 b6 15. Nd2 f6 16. Be3 Na5 17. Rb1 Bb7 18. c4 Rac8 19. Qg4 Rf7 20. Rb2 Nxc4 21. Nxc4 Qxc4 22. Bxb6 Qxa4 23. Rd1 d5 24. Qe6 d4 25. Bxd4 Nf8 26. Qb3 Qxb3 27. Rxb3 exd4 28. Rxd4 Bc6 29.
Ra3 Bb5 30. Bf1 Bxf1 31. Kxf1 Rxc2 32. Rxa6 Rc8 33. Kg2 h6 34. Rb6 Re7 35. h4 Ne6 36.
Rdd6 Nc5 37. f3 Ne6 38. Rd1 h5 39. Rbd6 Nc5 40. R1d5 Rec7 41. Rb6 Kf7 42. Kf2 Rd7 43. Rxh5 Rd2+ 44. Ke3 Rd3+ 45. Kf4 Ne6+ 46. Kg4 Rcc3 47. Ra5 Rxf3 48. Ra7+ Kg6 49. Rxe6 Rxg3+ 50. Kf4 Rcf3# 0-1